Flames vs Blues
Created - March 17, 2021 at 21:44
Goals
|
| Flames |
1 |
1 |
1 |
3 |
| Blues |
1 |
2 |
2 |
5 |
|
Shots
|
| Flames |
12 |
13 |
9 |
34 |
| Blues |
14 |
14 |
7 |
35 |
|
1st period
1. Flames , Alexander Semin 24 (Eric Staal 42, David Backes 29) at 15:19
2. Blues , Alex Pietrangelo 11 (Jake Gardiner 23, Carey Price) at 18:09 (PP)
Penalties :
Patrik Berglund (Cal) for Hooking (Minor) at 17:38, Filip Forsberg (STL) for Holding (Minor) at 18:25
2nd period
3. Blues , David Perron 21 (Ryan O'Reilly 29, Kevin Hayes 17) at 10:33
4. Flames , Eric Staal 38 (David Backes 30, Alexander Semin 40) at 11:58
5. Blues , Ryan O'Reilly 18 (Kevin Hayes 18, Jake Gardiner 24) at 17:14
Penalties :
Vincent Lecavalier (STL) for Slashing (Minor) at 3:47
3rd period
6. Blues , David Perron 22 (Tyler Johnson 48, Nicklas Backstrom 51) at 6:55 (PP)
7. Flames , Eric Staal 39 (David Backes 31) at 9:15
8. Blues , David Perron 23 (Yann Sauvé 10) at 19:58 (Empty Net)
Penalties :
Alexander Semin (Cal) for Boarding (Minor) at 6:43, Alexander Radulov (Cal) for Hooking (Minor) at 11:42, Nicklas Backstrom (STL) for Elbowing (Minor) at 13:35
Goalie Stats
Henrik Lundqvist (Cal), 30 saves from 34 shots - (0.882), L, 26-14-6, 59:18 minutes
Carey Price (STL), 31 saves from 34 shots - (0.912), W, 29-14-5, 60:00 minutes
Players Stats for Flames
Player Name G A P +/- PIM S H SB GA TA FO MP PP MP PK MP
------------------------------------------------------------------------------------
Alexander Radulov 0 0 0 -1 2 3 1 0 1 0 0/0 18:53 2:49 0:00
Alexander Semin 1 1 2 1 2 3 0 0 2 2 2/2 21:45 3:19 0:00
Anders Lee 0 0 0 0 0 1 4 0 0 0 2/5 7:33 0:00 0:09
Brad Marchand 0 0 0 -1 0 3 0 2 0 1 0/1 19:50 2:22 1:34
Brendan Mikkelson 0 0 0 -1 0 0 1 1 0 1 0/0 13:40 0:00 0:00
Christian Folin 0 0 0 -1 0 0 0 2 0 0 0/0 13:40 0:00 0:00
Colby Robak 0 0 0 0 0 3 0 0 0 2 0/0 21:58 2:17 1:13
Colin Wilson 0 0 0 0 0 0 0 1 0 0 2/4 11:15 0:11 1:23
David Backes 0 3 3 1 0 4 2 0 0 1 3/3 19:32 0:00 1:13
David Ullstrom 0 0 0 0 0 2 0 0 0 1 1/1 8:37 0:40 0:00
Derek Meech 0 0 0 0 0 1 2 3 0 1 0/0 21:58 2:17 1:13
Eric Staal 2 1 3 1 0 8 1 0 1 1 17/37 21:40 3:18 0:00
Erik Johnson 0 0 0 1 0 0 1 0 0 1 0/0 24:22 3:34 1:23
Jimmy Hayes 0 0 0 0 0 0 3 0 0 0 0/0 11:51 2:32 0:00
Kyle Palmieri 0 0 0 0 0 4 3 0 0 0 0/0 7:24 0:00 0:00
Patrik Berglund 0 0 0 -1 2 1 2 1 0 0 7/11 19:07 2:22 0:53
Sami Vatanen 0 0 0 1 0 0 0 0 0 2 0/0 24:22 3:34 1:23
Steve Regier 0 0 0 0 0 1 0 0 0 0 0/0 9:48 0:00 0:00
Players Stats for Blues
Player Name G A P +/- PIM S H SB GA TA FO MP PP MP PK MP
------------------------------------------------------------------------------------
Alex Pietrangelo 1 0 1 -1 0 4 0 1 1 0 0/0 25:01 1:43 1:06
Anthony Mantha 0 0 0 -1 0 0 1 0 0 0 0/0 10:15 0:00 0:00
Brandon Yip 0 0 0 0 0 0 0 0 0 0 0/0 7:08 0:00 0:00
Cody Ceci 0 0 0 -1 0 0 1 0 0 0 0/0 16:36 0:00 3:31
David Perron 3 0 3 3 0 5 2 0 2 1 0/0 19:30 1:48 1:14
Drew Shore 0 0 0 0 0 2 1 1 0 2 4/9 14:50 0:00 3:14
Fabian Brunnstrom 0 0 0 -1 0 1 2 0 3 0 0/1 11:36 0:00 0:58
Filip Forsberg 0 0 0 -2 2 1 2 2 0 0 1/1 18:57 0:48 0:57
Jacob Slavin 0 0 0 -2 0 1 2 1 0 0 0/0 12:02 0:41 0:24
Jake Gardiner 0 2 2 2 0 0 0 2 1 0 0/0 24:15 1:55 1:56
Kevin Hayes 0 2 2 2 0 2 0 1 0 0 3/4 16:18 0:48 0:06
Linus Omark 0 0 0 0 0 0 1 0 0 0 0/0 7:08 0:00 0:00
Nicklas Backstrom 0 1 1 -2 2 4 0 1 2 0 16/32 18:50 1:47 0:00
Ryan Murray 0 0 0 -1 0 0 0 0 0 0 0/0 20:58 0:41 1:56
Ryan O'Reilly 1 1 2 2 0 7 0 0 2 0 4/13 18:25 0:48 1:57
Tyler Johnson 0 1 1 -1 0 6 1 1 1 0 0/0 23:33 1:48 3:16
Vincent Lecavalier 0 0 0 0 2 1 0 1 0 0 2/4 7:30 0:00 0:00
Yann Sauvé 0 1 1 3 0 1 2 1 1 1 0/0 21:08 0:12 2:49
3 Stars
1 - David Perron (STL)
2 - Eric Staal (Cal)
3 - Ryan O'Reilly (STL)
Power Play
Flames - 0 on 3 Attempt(s) - 0.00%
Blues - 2 on 3 Attempt(s) - 66.67%
Penalty Kill
Flames - 1 on 3 Attempt(s) - 33.33%
- Score 0 goal in Penalty Kill
Blues - 3 on 3 Attempt(s) - 100.00%
- Score 0 goal in Penalty Kill
Team Stat
Flames - Hits : 20 - Faceoff Wins : 34 - Blocked Shots : 10 - Penalty Minutes : 6
Blues - Hits : 15 - Faceoff Wins : 30 - Blocked Shots : 12 - Penalty Minutes : 6
Official
Referees : Unknown
Linesman : Unknown
Game Notes
10:33 of 2nd period - Blues goal is going for a video replay. After video review, Goal.
David Perron has scored a Hat Trick!
David Perron has scored in a empty net!
Finance
Level 1 -- Attendance: 5005 (83.42%) -- Ticket Income $575,575
Level 2 -- Attendance: 3538 (70.76%) -- Ticket Income $265,350
Level 3 -- Attendance: 1413 (70.65%) -- Ticket Income $70,650
Level 4 -- Attendance: 3155 (78.88%) -- Ticket Income $110,425
Luxury Box -- Attendance: 774 (77.40%) -- Ticket Income $174,150
Game was played at the Scotttrade center.
Total Attendance: 13885 (77.14%)
Total Ticket Income: $1,196,150
Other Income: $179,422
Total Income: $1,375,572
Flames
5 vs 5 Forward
Center Left Wing Right Wing Time % Phy DF OF
1 Eric Staal Alexander Semin David Backes 40 1 2 2
2 Patrik Berglund Brad Marchand Alexander Radulov 33 1 2 2
3 Colin Wilson Steve Regier Jimmy Hayes 19 1 2 2
4 Anders Lee David Ullstrom Kyle Palmieri 8 1 2 2
5 vs 5 Defense
Defense Defense Time % Phy DF OF
1 Erik Johnson Sami Vatanen 38 1 2 2
2 Derek Meech Colby Robak 29 2 2 1
3 Christian Folin Brendan Mikkelson 23 2 2 1
4 Derek Meech Colby Robak 10 2 2 1
PowerPlay Forward
Center Left Wing Right Wing Time % Phy DF OF
1 Eric Staal Alexander Semin Alexander Radulov 60 1 2 2
2 Patrik Berglund Brad Marchand Jimmy Hayes 40 1 2 2
PowerPlay Defense
Defense Defense Time % Phy DF OF
1 Erik Johnson Sami Vatanen 60 1 2 2
2 Derek Meech Colby Robak 40 1 2 2
Penalty Kill 4 Players Forward
Center Wing Time % Phy DF OF
1 Patrik Berglund David Backes 50 1 3 1
2 Colin Wilson Brad Marchand 50 1 3 1
Penalty Kill 4 Players Defense
Defense Defense Time % Phy DF OF
1 Erik Johnson Sami Vatanen 58 1 3 1
2 Derek Meech Colby Robak 42 1 3 1
Penalty Kill - 3 Players Forward
Forward Time % Phy DF OF
1 Eric Staal 50 1 4 0
2 Brad Marchand 50 1 4 0
Penalty Kill - 3 Players Defense
Defense Defense Time % Phy DF OF
1 Erik Johnson Sami Vatanen 58 1 4 0
2 Derek Meech Colby Robak 42 1 4 0
4 vs 4 Forward
Center Wing Time % Phy DF OF
1 Eric Staal Alexander Semin 60 2 2 1
2 Colin Wilson David Backes 40 2 2 1
4 vs 4 Defense
Defense Defense Time % Phy DF OF
1 Erik Johnson Sami Vatanen 60 2 2 1
2 Derek Meech Colby Robak 40 2 2 1
Last Minutes Offensive
Center Left Wing Right Wing Defense Defense
Eric Staal Alexander Semin David Backes Erik Johnson Sami Vatanen
Last Minutes Defensive
Center Left Wing Right Wing Defense Defense
Eric Staal Alexander Semin David Backes Erik Johnson Sami Vatanen
Goaltenders
Starting : Henrik Lundqvist
Backup : Christopher Gibson
Extra Forwards
Normal : Brad Marchand, Alexander Semin, David Ullstrom - PP : David Ullstrom, Colin Wilson - PK : Brad Marchand
Extra Defensemen
Normal : Sami Vatanen, Derek Meech, Colby Robak - PP : Derek Meech - PK : Brendan Mikkelson, Christian Folin
Penalty Shots
Eric Staal, Alexander Semin, David Backes, Brad Marchand, Patrik Berglund
Scratches
None
Blues
5 vs 5 Forward
Center Left Wing Right Wing Time % Phy DF OF
1 Nicklas Backstrom Filip Forsberg Tyler Johnson 40 1 2 2
2 Ryan O'Reilly David Perron Kevin Hayes 30 1 2 2
3 Drew Shore Fabian Brunnstrom Anthony Mantha 20 1 2 2
4 Vincent Lecavalier Linus Omark Brandon Yip 10 1 2 2
5 vs 5 Defense
Defense Defense Time % Phy DF OF
1 Alex Pietrangelo Ryan Murray 40 1 2 2
2 Yann Sauvé Jake Gardiner 30 1 2 2
3 Cody Ceci Jacob Slavin 20 1 2 2
4 Alex Pietrangelo Jake Gardiner 10 1 2 2
PowerPlay Forward
Center Left Wing Right Wing Time % Phy DF OF
1 Nicklas Backstrom David Perron Tyler Johnson 60 1 1 3
2 Ryan O'Reilly Filip Forsberg Kevin Hayes 40 1 1 3
PowerPlay Defense
Defense Defense Time % Phy DF OF
1 Alex Pietrangelo Jake Gardiner 60 1 2 2
2 Jacob Slavin Ryan Murray 40 1 2 2
Penalty Kill 4 Players Forward
Center Wing Time % Phy DF OF
1 Drew Shore Tyler Johnson 60 1 3 1
2 Ryan O'Reilly David Perron 40 1 3 1
Penalty Kill 4 Players Defense
Defense Defense Time % Phy DF OF
1 Yann Sauvé Cody Ceci 60 2 3 0
2 Ryan Murray Jake Gardiner 40 2 3 0
Penalty Kill - 3 Players Forward
Forward Time % Phy DF OF
1 Nicklas Backstrom 60 1 2 2
2 Tyler Johnson 40 1 2 2
Penalty Kill - 3 Players Defense
Defense Defense Time % Phy DF OF
1 Alex Pietrangelo Cody Ceci 60 1 2 2
2 Ryan Murray Yann Sauvé 40 1 2 2
4 vs 4 Forward
Center Wing Time % Phy DF OF
1 Nicklas Backstrom Tyler Johnson 60 1 2 2
2 Ryan O'Reilly David Perron 40 1 2 2
4 vs 4 Defense
Defense Defense Time % Phy DF OF
1 Alex Pietrangelo Cody Ceci 60 1 2 2
2 Jake Gardiner Yann Sauvé 40 1 2 2
Last Minutes Offensive
Center Left Wing Right Wing Defense Defense
Nicklas Backstrom David Perron Tyler Johnson Alex Pietrangelo Jake Gardiner
Last Minutes Defensive
Center Left Wing Right Wing Defense Defense
Drew Shore David Perron Tyler Johnson Yann Sauvé Cody Ceci
Goaltenders
Starting : Carey Price
Backup : Pascal Leclaire
Extra Forwards
Normal : Kevin Hayes, Vincent Lecavalier, Ryan O'Reilly - PP : Linus Omark, Nicklas Backstrom - PK : Filip Forsberg
Extra Defensemen
Normal : Cody Ceci, Jake Gardiner, Ryan Murray - PP : Yann Sauvé - PK : Jacob Slavin, Jake Gardiner
Penalty Shots
David Perron, Vincent Lecavalier, Filip Forsberg, Tyler Johnson, Nicklas Backstrom
Scratches
Simon Gagné (Healthy)
% Time on Ice - Flames
Lines # - Real PCT - Wanted PCT - Time Play
Normal Forward
1 - 34% - 40% - 17:08
2 - 32% - 33% - 16:05
3 - 19% - 19% - 9:36
4 - 15% - 8% - 7:24
Normal Defense
1 - 38% - 38% - 19:19
2 - 29% - 29% - 14:32
3 - 25% - 23% - 12:26
4 - 8% - 10% - 3:56
PP Forward
1 - 57% - 60% - 3:19
2 - 43% - 40% - 2:32
PP Defense
1 - 61% - 60% - 3:34
2 - 39% - 40% - 2:17
PK Forward
1 - 47% - 50% - 1:13
2 - 53% - 50% - 1:23
PK Defense
1 - 53% - 58% - 1:23
2 - 47% - 42% - 1:13
PK3 Forward
1 - 0% - 50%
2 - 0% - 50%
PK3 Defense
1 - 0% - 58%
2 - 0% - 42%
44 Forward
1 - 100% - 60% - 0:06
2 - 0% - 40% - 0:00
44 Defense
1 - 100% - 60% - 0:06
2 - 0% - 40% - 0:00
Last Minute Offensive - 1:14
Last Minute Defensive - 0:00
Total
Forward - 60:00
Defense - 60:00
|
% Time on Ice - Blues
Lines # - Real PCT - Wanted PCT - Time Play
Normal Forward
1 - 35% - 40% - 17:36
2 - 30% - 30% - 15:17
3 - 20% - 20% - 10:15
4 - 14% - 10% - 7:08
Normal Defense
1 - 39% - 40% - 19:49
2 - 34% - 30% - 16:54
3 - 20% - 20% - 10:13
4 - 7% - 10% - 3:20
PP Forward
1 - 69% - 60% - 1:48
2 - 31% - 40% - 0:48
PP Defense
1 - 74% - 60% - 1:55
2 - 26% - 40% - 0:41
PK Forward
1 - 79% - 60% - 4:37
2 - 21% - 40% - 1:14
PK Defense
1 - 67% - 60% - 3:55
2 - 33% - 40% - 1:56
PK3 Forward
1 - 0% - 60%
2 - 0% - 40%
PK3 Defense
1 - 0% - 60%
2 - 0% - 40%
44 Forward
1 - 100% - 60% - 0:06
2 - 0% - 40% - 0:00
44 Defense
1 - 100% - 60% - 0:06
2 - 0% - 40% - 0:00
Last Minute Offensive - 0:00
Last Minute Defensive - 1:11
Total
Forward - 60:00
Defense - 60:00
|
Play-by-Play
1st period
0:01 of 1st period - Nicklas Backstrom wins face-off versus Eric Staal in neutral zone.
1:01 of 1st period - Slapshot by Erik Johnson.
1:01 of 1st period - Shot Blocked by Jake Gardiner.
1:23 of 1st period - Snap shot by Erik Johnson.
1:23 of 1st period - Shot Blocked by Yann Sauvé.
2:02 of 1st period - Snap shot by David Perron.
2:02 of 1st period - Stopped by Henrik Lundqvist without a rebound.
2:03 of 1st period - Nicklas Backstrom wins face-off versus Anders Lee in Flames zone.
2:20 of 1st period - Slapshot by Alex Pietrangelo.
2:20 of 1st period - Stopped by Henrik Lundqvist with a rebound.
2:36 of 1st period - Colby Robak is hit by David Perron and loses puck.
2:57 of 1st period - Snap shot by Fabian Brunnstrom.
2:57 of 1st period - Shot Misses the Net.
3:15 of 1st period - Brandon Yip is hit by Jimmy Hayes and loses puck.
3:38 of 1st period - Snap shot by Nicklas Backstrom.
3:38 of 1st period - Stopped by Henrik Lundqvist with a rebound.
3:40 of 1st period - Wrist shot by Yann Sauvé.
3:40 of 1st period - Stopped by Henrik Lundqvist with a rebound.
4:55 of 1st period - Icing by Steve Regier.
4:56 of 1st period - Vincent Lecavalier wins face-off versus Colin Wilson in Flames zone.
5:47 of 1st period - Snap shot by Fabian Brunnstrom.
5:47 of 1st period - Shot Blocked by Brendan Mikkelson.
5:49 of 1st period - Slapshot by Jake Gardiner.
5:49 of 1st period - Deflect By Fabian Brunnstrom.
5:49 of 1st period - Deflect By Alexander Radulov.
5:49 of 1st period - Shot Misses the Net.
5:49 of 1st period - Puck is out of play.
5:50 of 1st period - Drew Shore wins face-off versus Patrik Berglund in Flames zone.
5:53 of 1st period - Snap shot by Fabian Brunnstrom.
5:53 of 1st period - Shot Misses the Net.
5:55 of 1st period - Snap shot by Drew Shore.
5:55 of 1st period - Stopped by Henrik Lundqvist with a rebound.
6:26 of 1st period - Snap shot by Brad Marchand.
6:26 of 1st period - Shot Misses the Net.
6:37 of 1st period - Wrist shot by Drew Shore.
6:37 of 1st period - Shot Misses the Net.
6:39 of 1st period - Slapshot by Jacob Slavin.
6:39 of 1st period - Shot Hit the Post.
6:41 of 1st period - Wrist shot by Jacob Slavin.
6:41 of 1st period - Shot Misses the Net.
6:49 of 1st period - Backhand shot by Fabian Brunnstrom.
6:49 of 1st period - Stopped by Henrik Lundqvist without a rebound.
6:50 of 1st period - Nicklas Backstrom wins face-off versus Eric Staal in Flames zone.
6:53 of 1st period - Wrist shot by Tyler Johnson.
6:53 of 1st period - Stopped by Henrik Lundqvist with a rebound.
6:55 of 1st period - Snap shot by Nicklas Backstrom.
6:55 of 1st period - Stopped by Henrik Lundqvist with a rebound.
6:57 of 1st period - Snap shot by Tyler Johnson.
6:57 of 1st period - Stopped by Henrik Lundqvist with a rebound.
7:01 of 1st period - Snap shot by Nicklas Backstrom.
7:01 of 1st period - Stopped by Henrik Lundqvist without a rebound.
7:02 of 1st period - Eric Staal wins face-off versus Nicklas Backstrom in Flames zone.
7:11 of 1st period - Slapshot by Alexander Semin.
7:11 of 1st period - Stopped by Carey Price without a rebound.
7:12 of 1st period - Eric Staal wins face-off versus Nicklas Backstrom in Blues zone.
7:25 of 1st period - Snap shot by Eric Staal.
7:25 of 1st period - Shot Blocked by Filip Forsberg.
7:27 of 1st period - Slapshot by Derek Meech.
7:27 of 1st period - Shot Blocked by Tyler Johnson.
7:29 of 1st period - Snap shot by Eric Staal.
7:29 of 1st period - Stopped by Carey Price without a rebound.
7:30 of 1st period - Patrik Berglund wins face-off versus Ryan O'Reilly in Blues zone.
7:35 of 1st period - Wrist shot by Brad Marchand.
7:35 of 1st period - Stopped by Carey Price without a rebound.
7:36 of 1st period - Patrik Berglund wins face-off versus Ryan O'Reilly in Blues zone.
7:53 of 1st period - Wrist shot by David Perron.
7:53 of 1st period - Shot Misses the Net.
8:10 of 1st period - Slapshot by Tyler Johnson.
8:10 of 1st period - Stopped by Henrik Lundqvist with a rebound.
8:12 of 1st period - Slapshot by Jake Gardiner.
8:12 of 1st period - Shot Blocked by Derek Meech.
8:14 of 1st period - Snap shot by Tyler Johnson.
8:14 of 1st period - Shot Blocked by Derek Meech.
8:26 of 1st period - Snap shot by Anders Lee.
8:26 of 1st period - Shot Misses the Net.
8:32 of 1st period - Slapshot by Alex Pietrangelo.
8:32 of 1st period - Shot Misses the Net.
8:52 of 1st period - Snap shot by Jimmy Hayes.
8:52 of 1st period - Shot Misses the Net.
9:26 of 1st period - Snap shot by Patrik Berglund.
9:26 of 1st period - Shot Misses the Net.
9:28 of 1st period - Slapshot by Eric Staal.
9:28 of 1st period - Shot Misses the Net.
9:30 of 1st period - Snap shot by Eric Staal.
9:30 of 1st period - Shot Blocked by Jacob Slavin.
9:32 of 1st period - Slapshot by Colby Robak.
9:32 of 1st period - Stopped by Carey Price without a rebound.
9:33 of 1st period - Alexander Semin wins face-off versus Ryan O'Reilly in Blues zone.
9:38 of 1st period - Wrist shot by Eric Staal.
9:38 of 1st period - Stopped by Carey Price with a rebound.
9:40 of 1st period - Backhand shot by Alexander Semin.
9:40 of 1st period - Stopped by Carey Price without a rebound.
9:41 of 1st period - Kevin Hayes wins face-off versus Eric Staal in Blues zone.
9:51 of 1st period - Snap shot by David Perron.
9:51 of 1st period - Deflect By Kevin Hayes.
9:51 of 1st period - Shot Misses the Net.
9:51 of 1st period - Puck is out of play.
9:52 of 1st period - David Backes wins face-off versus Nicklas Backstrom in Flames zone.
10:09 of 1st period - Slapshot by Alex Pietrangelo.
10:09 of 1st period - Stopped by Henrik Lundqvist without a rebound.
10:10 of 1st period - Ryan O'Reilly wins face-off versus Patrik Berglund in Flames zone.
11:18 of 1st period - Anthony Mantha is hit by Anders Lee and loses puck.
11:29 of 1st period - Snap shot by Anders Lee.
11:29 of 1st period - Stopped by Carey Price without a rebound.
11:30 of 1st period - Nicklas Backstrom wins face-off versus Eric Staal in Blues zone.
11:59 of 1st period - Snap shot by David Perron.
11:59 of 1st period - Shot Misses the Net.
12:01 of 1st period - Snap shot by Cody Ceci.
12:01 of 1st period - Shot Misses the Net.
12:03 of 1st period - Snap shot by Jacob Slavin.
12:03 of 1st period - Stopped by Henrik Lundqvist with a rebound.
12:39 of 1st period - Colby Robak is hit by Anthony Mantha.
13:21 of 1st period - Alex Pietrangelo is hit by Jimmy Hayes and loses puck.
14:07 of 1st period - Slapshot by David Ullstrom.
14:07 of 1st period - Stopped by Carey Price without a rebound.
14:08 of 1st period - Vincent Lecavalier wins face-off versus Anders Lee in Blues zone.
14:08 of 1st period - Vincent Lecavalier is hit by Erik Johnson.
14:17 of 1st period - Off-side.
14:18 of 1st period - Nicklas Backstrom wins face-off versus Eric Staal in neutral zone.
14:23 of 1st period - Slapshot by Filip Forsberg.
14:23 of 1st period - Shot Misses the Net.
14:29 of 1st period - Wrist shot by David Backes.
14:29 of 1st period - Stopped by Carey Price without a rebound.
14:30 of 1st period - Nicklas Backstrom wins face-off versus Eric Staal in Blues zone.
15:06 of 1st period - Off-side.
15:07 of 1st period - Eric Staal wins face-off versus Drew Shore in neutral zone.
15:15 of 1st period - Slapshot by David Backes.
15:15 of 1st period - Shot Blocked by Drew Shore.
15:17 of 1st period - Wrist shot by Eric Staal.
15:17 of 1st period - Stopped by Carey Price with a rebound.
15:19 of 1st period - Snap shot by Alexander Semin.
15:19 of 1st period - Goal by Alexander Semin - Flames : 1 - Blues : 0.
15:20 of 1st period - Eric Staal wins face-off versus Nicklas Backstrom in neutral zone.
15:43 of 1st period - Icing by Sami Vatanen.
15:44 of 1st period - Eric Staal wins face-off versus Ryan O'Reilly in Flames zone.
15:49 of 1st period - Ryan O'Reilly is hit by Patrik Berglund and loses puck.
16:12 of 1st period - Derek Meech is hit by Filip Forsberg and loses puck.
16:35 of 1st period - Eric Staal is hit by Fabian Brunnstrom and loses puck.
17:02 of 1st period - Snap shot by David Ullstrom.
17:02 of 1st period - Shot Misses the Net.
17:04 of 1st period - Backhand shot by Colby Robak.
17:04 of 1st period - Stopped by Carey Price with a rebound.
17:38 of 1st period - Minor Penalty to Patrik Berglund for Hooking.
17:39 of 1st period - Nicklas Backstrom wins face-off versus Brad Marchand in Flames zone.
18:09 of 1st period - Slapshot by Alex Pietrangelo.
18:09 of 1st period - Goal by Alex Pietrangelo - Flames : 1 - Blues : 1.
18:10 of 1st period - Eric Staal wins face-off versus Nicklas Backstrom in neutral zone.
18:25 of 1st period - Minor Penalty to Filip Forsberg for Holding.
18:26 of 1st period - Drew Shore wins face-off versus Eric Staal in Blues zone.
Goals for this period are 1 for Flames vs 1 for Blues.
Shots for this period are 12 for Flames vs 14 for Blues.
2nd period
0:01 of 2nd period - Eric Staal wins face-off versus Drew Shore in neutral zone.
0:14 of 2nd period - Backhand shot by Eric Staal.
0:14 of 2nd period - Stopped by Carey Price without a rebound.
0:15 of 2nd period - Drew Shore wins face-off versus Eric Staal in Blues zone.
0:25 of 2nd period - Penalty to Filip Forsberg is over, Filip Forsberg is back on ice.
0:46 of 2nd period - Slapshot by Ryan O'Reilly.
0:46 of 2nd period - Shot Misses the Net.
0:48 of 2nd period - Snap shot by Kevin Hayes.
0:48 of 2nd period - Stopped by Henrik Lundqvist without a rebound.
0:49 of 2nd period - Nicklas Backstrom wins face-off versus Eric Staal in Flames zone.
0:54 of 2nd period - Slapshot by Tyler Johnson.
0:54 of 2nd period - Stopped by Henrik Lundqvist without a rebound.
0:55 of 2nd period - Nicklas Backstrom wins face-off versus Eric Staal in Flames zone.
1:00 of 2nd period - Snap shot by Filip Forsberg.
1:00 of 2nd period - Stopped by Henrik Lundqvist without a rebound.
1:01 of 2nd period - David Backes wins face-off versus Nicklas Backstrom in Flames zone.
1:01 of 2nd period - David Backes is hit by Filip Forsberg.
1:11 of 2nd period - Snap shot by David Backes.
1:11 of 2nd period - Stopped by Carey Price without a rebound.
1:12 of 2nd period - Filip Forsberg wins face-off versus Patrik Berglund in Blues zone.
1:21 of 2nd period - Snap shot by Filip Forsberg.
1:21 of 2nd period - Shot Blocked by Brad Marchand.
1:39 of 2nd period - Snap shot by Steve Regier.
1:39 of 2nd period - Stopped by Carey Price with a rebound.
1:41 of 2nd period - Slapshot by Colby Robak.
1:41 of 2nd period - Shot Blocked by Jake Gardiner.
2:22 of 2nd period - Snap shot by David Ullstrom.
2:22 of 2nd period - Stopped by Carey Price with a rebound.
2:24 of 2nd period - Snap shot by David Ullstrom.
2:24 of 2nd period - Deflect By Kyle Palmieri.
2:24 of 2nd period - Stopped by Carey Price with a rebound.
2:48 of 2nd period - Off-side.
2:49 of 2nd period - Patrik Berglund wins face-off versus Vincent Lecavalier in neutral zone.
3:26 of 2nd period - Snap shot by Vincent Lecavalier.
3:26 of 2nd period - Shot Misses the Net.
3:34 of 2nd period - Wrist shot by Alexander Radulov.
3:34 of 2nd period - Shot Blocked by Vincent Lecavalier.
3:36 of 2nd period - Snap shot by Patrik Berglund.
3:36 of 2nd period - Shot Misses the Net.
3:47 of 2nd period - Minor Penalty to Vincent Lecavalier for Slashing.
3:48 of 2nd period - Drew Shore wins face-off versus Eric Staal in Blues zone.
3:48 of 2nd period - Drew Shore is hit by Eric Staal.
4:01 of 2nd period - Alexander Semin is hit by Tyler Johnson.
4:23 of 2nd period - Snap shot by Yann Sauvé.
4:23 of 2nd period - Shot Blocked by Derek Meech.
4:43 of 2nd period - Cody Ceci is hit by Patrik Berglund and loses puck.
5:47 of 2nd period - Penalty to Vincent Lecavalier is over, Vincent Lecavalier is back on ice.
6:02 of 2nd period - Vincent Lecavalier is hit by Kyle Palmieri and loses puck.
6:48 of 2nd period - Nicklas Backstrom is hit by Derek Meech and loses puck.
7:36 of 2nd period - Brad Marchand is hit by Linus Omark and loses puck.
7:49 of 2nd period - Nicklas Backstrom is hit by Anders Lee and loses puck.
8:37 of 2nd period - Ryan Murray is hit by Kyle Palmieri and loses puck.
8:57 of 2nd period - Kyle Palmieri is hit by Fabian Brunnstrom and loses puck.
9:19 of 2nd period - Slapshot by Nicklas Backstrom.
9:19 of 2nd period - Stopped by Henrik Lundqvist without a rebound.
9:20 of 2nd period - Ryan O'Reilly wins face-off versus Eric Staal in Flames zone.
9:21 of 2nd period - Wrist shot by David Perron.
9:21 of 2nd period - Shot Misses the Net.
9:57 of 2nd period - Slapshot by Alexander Radulov.
9:57 of 2nd period - Stopped by Carey Price with a rebound.
9:59 of 2nd period - Slapshot by Derek Meech.
9:59 of 2nd period - Stopped by Carey Price with a rebound.
10:17 of 2nd period - Off-side.
10:18 of 2nd period - Eric Staal wins face-off versus Ryan O'Reilly in neutral zone.
10:31 of 2nd period - Snap shot by Ryan O'Reilly.
10:31 of 2nd period - Stopped by Henrik Lundqvist with a rebound.
10:33 of 2nd period - Snap shot by David Perron.
10:33 of 2nd period - Blues goal is going for a video replay.
10:33 of 2nd period - The goal is good.
10:33 of 2nd period - Goal by David Perron - Flames : 1 - Blues : 2.
10:34 of 2nd period - Ryan O'Reilly wins face-off versus Eric Staal in neutral zone.
10:43 of 2nd period - Backhand shot by Ryan O'Reilly.
10:43 of 2nd period - Stopped by Henrik Lundqvist with a rebound.
11:11 of 2nd period - Snap shot by Alexander Radulov.
11:11 of 2nd period - Shot Blocked by Nicklas Backstrom.
11:22 of 2nd period - Off-side.
11:23 of 2nd period - Colin Wilson wins face-off versus Drew Shore in neutral zone.
11:58 of 2nd period - Slapshot by Eric Staal.
11:58 of 2nd period - Goal by Eric Staal - Flames : 2 - Blues : 2.
11:59 of 2nd period - Eric Staal wins face-off versus Ryan O'Reilly in neutral zone.
12:02 of 2nd period - Slapshot by Erik Johnson.
12:02 of 2nd period - Shot Misses the Net.
12:28 of 2nd period - Icing by Jake Gardiner.
12:29 of 2nd period - Patrik Berglund wins face-off versus Nicklas Backstrom in Blues zone.
12:40 of 2nd period - Wrist shot by Brad Marchand.
12:40 of 2nd period - Stopped by Carey Price without a rebound.
12:41 of 2nd period - Eric Staal wins face-off versus Ryan O'Reilly in Blues zone.
12:42 of 2nd period - Slapshot by Alexander Semin.
12:42 of 2nd period - Shot Misses the Net.
12:44 of 2nd period - Slapshot by Colby Robak.
12:44 of 2nd period - Stopped by Carey Price with a rebound.
12:48 of 2nd period - Slapshot by Eric Staal.
12:48 of 2nd period - Stopped by Carey Price with a rebound.
12:50 of 2nd period - Slapshot by Colby Robak.
12:50 of 2nd period - Shot Misses the Net.
12:52 of 2nd period - Slapshot by David Backes.
12:52 of 2nd period - Shot Misses the Net.
13:20 of 2nd period - Snap shot by Steve Regier.
13:20 of 2nd period - Shot Blocked by Alex Pietrangelo.
13:30 of 2nd period - Kevin Hayes is hit by Anders Lee and loses puck.
13:41 of 2nd period - Snap shot by David Ullstrom.
13:41 of 2nd period - Shot Misses the Net.
13:43 of 2nd period - Snap shot by Anders Lee.
13:43 of 2nd period - Deflect By Kyle Palmieri.
13:43 of 2nd period - Stopped by Carey Price with a rebound.
14:01 of 2nd period - Snap shot by Alexander Radulov.
14:01 of 2nd period - Deflect By Brad Marchand.
14:01 of 2nd period - Shot Misses the Net.
14:01 of 2nd period - Puck is out of play.
14:02 of 2nd period - Eric Staal wins face-off versus Nicklas Backstrom in Blues zone.
14:05 of 2nd period - Snap shot by Eric Staal.
14:05 of 2nd period - Stopped by Carey Price without a rebound.
14:06 of 2nd period - Nicklas Backstrom wins face-off versus Eric Staal in Blues zone.
14:06 of 2nd period - Nicklas Backstrom is hit by David Backes.
14:32 of 2nd period - Wrist shot by Drew Shore.
14:32 of 2nd period - Shot Misses the Net.
15:35 of 2nd period - Jake Gardiner is hit by Anders Lee and loses puck.
16:02 of 2nd period - Brad Marchand is hit by Yann Sauvé and loses puck.
16:37 of 2nd period - Wrist shot by David Perron.
16:37 of 2nd period - Deflect By Ryan O'Reilly.
16:37 of 2nd period - Stopped by Henrik Lundqvist with a rebound.
16:39 of 2nd period - Slapshot by Yann Sauvé.
16:39 of 2nd period - Deflect By Ryan O'Reilly.
16:39 of 2nd period - Stopped by Henrik Lundqvist with a rebound.
16:41 of 2nd period - Slapshot by Ryan O'Reilly.
16:41 of 2nd period - Shot Blocked by Patrik Berglund.
16:43 of 2nd period - Snap shot by Ryan O'Reilly.
16:43 of 2nd period - Shot Misses the Net.
16:45 of 2nd period - Backhand shot by David Perron.
16:45 of 2nd period - Shot Blocked by Christian Folin.
16:58 of 2nd period - Slapshot by Ryan O'Reilly.
16:58 of 2nd period - Stopped by Henrik Lundqvist with a rebound.
17:06 of 2nd period - Wrist shot by Ryan O'Reilly.
17:06 of 2nd period - Stopped by Henrik Lundqvist with a rebound.
17:08 of 2nd period - Slapshot by Ryan O'Reilly.
17:08 of 2nd period - Shot Misses the Net.
17:10 of 2nd period - Snap shot by Ryan O'Reilly.
17:10 of 2nd period - Shot Misses the Net.
17:12 of 2nd period - Slapshot by Kevin Hayes.
17:12 of 2nd period - Stopped by Henrik Lundqvist with a rebound.
17:14 of 2nd period - Wrist shot by Ryan O'Reilly.
17:14 of 2nd period - Goal by Ryan O'Reilly - Flames : 2 - Blues : 3.
17:15 of 2nd period - Nicklas Backstrom wins face-off versus Eric Staal in neutral zone.
17:43 of 2nd period - Icing by Derek Meech.
17:44 of 2nd period - Colin Wilson wins face-off versus Drew Shore in Flames zone.
18:41 of 2nd period - Slapshot by Jacob Slavin.
18:41 of 2nd period - Shot Blocked by Colin Wilson.
18:57 of 2nd period - Cody Ceci is hit by Jimmy Hayes.
19:19 of 2nd period - Slapshot by Filip Forsberg.
19:19 of 2nd period - Shot Blocked by Brad Marchand.
19:21 of 2nd period - Snap shot by Filip Forsberg.
19:21 of 2nd period - Deflect By Tyler Johnson.
19:21 of 2nd period - Stopped by Henrik Lundqvist without a rebound.
19:22 of 2nd period - Eric Staal wins face-off versus Ryan O'Reilly in Flames zone.
Goals for this period are 1 for Flames vs 2 for Blues.
Shots for this period are 13 for Flames vs 14 for Blues.
3rd period
0:01 of 3rd period - Nicklas Backstrom wins face-off versus Eric Staal in neutral zone.
0:26 of 3rd period - David Perron is hit by Derek Meech and loses puck.
0:33 of 3rd period - Snap shot by Brad Marchand.
0:33 of 3rd period - Stopped by Carey Price without a rebound.
0:34 of 3rd period - Patrik Berglund wins face-off versus Nicklas Backstrom in Blues zone.
1:05 of 3rd period - Slapshot by Jake Gardiner.
1:05 of 3rd period - Shot Misses the Net.
1:13 of 3rd period - Wrist shot by David Perron.
1:13 of 3rd period - Stopped by Henrik Lundqvist without a rebound.
1:14 of 3rd period - Eric Staal wins face-off versus Drew Shore in Flames zone.
1:40 of 3rd period - Alexander Radulov is hit by David Perron and loses puck.
2:03 of 3rd period - Jimmy Hayes is hit by Cody Ceci and loses puck.
2:16 of 3rd period - Wrist shot by Tyler Johnson.
2:16 of 3rd period - Stopped by Henrik Lundqvist without a rebound.
2:17 of 3rd period - Alexander Semin wins face-off versus Fabian Brunnstrom in Flames zone.
2:32 of 3rd period - Slapshot by Drew Shore.
2:32 of 3rd period - Stopped by Henrik Lundqvist with a rebound.
3:27 of 3rd period - Slapshot by Jake Gardiner.
3:27 of 3rd period - Shot Misses the Net.
3:29 of 3rd period - Slapshot by Jake Gardiner.
3:29 of 3rd period - Deflect By Vincent Lecavalier.
3:29 of 3rd period - Stopped by Henrik Lundqvist without a rebound.
3:30 of 3rd period - Anders Lee wins face-off versus Vincent Lecavalier in Flames zone.
3:37 of 3rd period - Snap shot by Kyle Palmieri.
3:37 of 3rd period - Stopped by Carey Price without a rebound.
3:38 of 3rd period - Eric Staal wins face-off versus Nicklas Backstrom in Blues zone.
3:39 of 3rd period - Wrist shot by David Backes.
3:39 of 3rd period - Stopped by Carey Price with a rebound.
4:15 of 3rd period - Snap shot by Patrik Berglund.
4:15 of 3rd period - Stopped by Carey Price with a rebound.
4:17 of 3rd period - Snap shot by Alexander Radulov.
4:17 of 3rd period - Stopped by Carey Price without a rebound.
4:18 of 3rd period - Nicklas Backstrom wins face-off versus Eric Staal in Blues zone.
4:43 of 3rd period - David Perron is hit by Alexander Radulov and loses puck.
4:50 of 3rd period - Wrist shot by Alexander Radulov.
4:50 of 3rd period - Shot Misses the Net.
4:52 of 3rd period - Slapshot by Christian Folin.
4:52 of 3rd period - Shot Misses the Net.
4:54 of 3rd period - Snap shot by Christian Folin.
4:54 of 3rd period - Shot Misses the Net.
6:41 of 3rd period - Snap shot by Fabian Brunnstrom.
6:41 of 3rd period - Shot Misses the Net.
6:43 of 3rd period - Minor Penalty to Alexander Semin for Boarding.
6:44 of 3rd period - Nicklas Backstrom wins face-off versus Colin Wilson in Flames zone.
6:55 of 3rd period - Wrist shot by David Perron.
6:55 of 3rd period - Goal by David Perron - Flames : 2 - Blues : 4.
6:56 of 3rd period - Eric Staal wins face-off versus Nicklas Backstrom in neutral zone.
7:12 of 3rd period - Snap shot by David Backes.
7:12 of 3rd period - Shot Blocked by Filip Forsberg.
8:09 of 3rd period - Snap shot by Kyle Palmieri.
8:09 of 3rd period - Stopped by Carey Price without a rebound.
8:10 of 3rd period - Anders Lee wins face-off versus Nicklas Backstrom in Blues zone.
8:14 of 3rd period - Icing by Ryan Murray.
8:15 of 3rd period - Nicklas Backstrom wins face-off versus Anders Lee in Blues zone.
8:44 of 3rd period - Kevin Hayes is hit by David Backes and loses puck.
9:09 of 3rd period - Wrist shot by Alexander Radulov.
9:09 of 3rd period - Stopped by Carey Price without a rebound.
9:10 of 3rd period - Eric Staal wins face-off versus Nicklas Backstrom in Blues zone.
9:11 of 3rd period - Slapshot by David Backes.
9:11 of 3rd period - Shot Misses the Net.
9:13 of 3rd period - Wrist shot by David Backes.
9:13 of 3rd period - Stopped by Carey Price with a rebound.
9:15 of 3rd period - Snap shot by Eric Staal.
9:15 of 3rd period - Goal by Eric Staal - Flames : 3 - Blues : 4.
9:16 of 3rd period - David Backes wins face-off versus Nicklas Backstrom in neutral zone.
9:29 of 3rd period - Snap shot by Tyler Johnson.
9:29 of 3rd period - Deflect By Filip Forsberg.
9:29 of 3rd period - Shot Misses the Net.
9:29 of 3rd period - Puck is out of play.
9:30 of 3rd period - Nicklas Backstrom wins face-off versus Eric Staal in Flames zone.
9:35 of 3rd period - Snap shot by Filip Forsberg.
9:35 of 3rd period - Shot Misses the Net.
10:03 of 3rd period - Wrist shot by Brad Marchand.
10:03 of 3rd period - Shot Misses the Net.
10:37 of 3rd period - David Ullstrom is hit by Yann Sauvé and loses puck.
11:21 of 3rd period - Off-side.
11:22 of 3rd period - Ryan O'Reilly wins face-off versus Patrik Berglund in neutral zone.
11:42 of 3rd period - Minor Penalty to Alexander Radulov for Hooking.
11:43 of 3rd period - Patrik Berglund wins face-off versus Nicklas Backstrom in Flames zone.
12:17 of 3rd period - Slapshot by Alex Pietrangelo.
12:17 of 3rd period - Stopped by Henrik Lundqvist without a rebound.
12:18 of 3rd period - Patrik Berglund wins face-off versus Ryan O'Reilly in Flames zone.
12:25 of 3rd period - Wrist shot by David Backes.
12:25 of 3rd period - Shot Blocked by Kevin Hayes.
12:45 of 3rd period - Colby Robak is hit by Jacob Slavin.
13:35 of 3rd period - Minor Penalty to Nicklas Backstrom for Elbowing.
13:36 of 3rd period - Kevin Hayes wins face-off versus Eric Staal in Blues zone.
13:38 of 3rd period - Icing by Alex Pietrangelo.
13:39 of 3rd period - Eric Staal wins face-off versus Kevin Hayes in Blues zone.
13:40 of 3rd period - Wrist shot by Alexander Semin.
13:40 of 3rd period - Shot Misses the Net.
13:42 of 3rd period - Penalty to Alexander Radulov is over, Alexander Radulov is back on ice.
13:42 of 3rd period - Slapshot by Sami Vatanen.
13:42 of 3rd period - Deflect By Eric Staal.
13:42 of 3rd period - Shot Misses the Net.
13:42 of 3rd period - Puck is out of play.
13:43 of 3rd period - Kevin Hayes wins face-off versus Eric Staal in Blues zone.
14:18 of 3rd period - Snap shot by Patrik Berglund.
14:18 of 3rd period - Shot Misses the Net.
15:35 of 3rd period - Penalty to Nicklas Backstrom is over, Nicklas Backstrom is back on ice.
15:50 of 3rd period - Vincent Lecavalier is hit by Kyle Palmieri and loses puck.
16:39 of 3rd period - Brad Marchand is hit by Jacob Slavin.
17:45 of 3rd period - Slapshot by Jake Gardiner.
17:45 of 3rd period - Shot Blocked by Christian Folin.
17:51 of 3rd period - Drew Shore is hit by Brendan Mikkelson and loses puck.
18:53 of 3rd period - Alexander Semin is hit by Drew Shore and loses puck.
19:16 of 3rd period - Flames, Henrik Lundqvist is pulled from the net.
19:48 of 3rd period - Wrist shot by David Perron.
19:48 of 3rd period - Shot Misses the Net.
19:58 of 3rd period - Snap shot by David Perron.
19:58 of 3rd period - Goal by David Perron - Flames : 3 - Blues : 5.
19:58 of 3rd period - Henrik Lundqvist from Flames was sent back in the game.
19:59 of 3rd period - David Ullstrom wins face-off versus Nicklas Backstrom in neutral zone.
Goals for this period are 1 for Flames vs 2 for Blues.
Shots for this period are 9 for Flames vs 7 for Blues.
Output by the SimonT Hockey Simulator (STHS) for Francois Prevost